 Dungeon Crawl Stone Soup version 0.28-a0-724-g66f9036eb4 (webtiles) character file.

Game seed: 11331601979856902065

107 Ijustatesigmund the Covert (level 4, -2/41 HPs)
             Began as a Gnoll Delver on Oct 27, 2021.
             Slain by an ogre (16 damage)
             ... on level 2 of the Dungeon.
             The game lasted 00:02:33 (1596 turns).

Ijustatesigmund the Covert (Gnoll Delver)           Turns: 1596, Time: 00:02:33

Health: -2/41      AC:  7    Str: 12    XL:     4   Next: 85%
Magic:  5/5        EV: 12    Int: 10    God:
Gold:   18         SH:  0    Dex: 13    Spells: 5/5 levels left

rFire   . . .      SeeInvis .   a - +0 hand axe
rCold   . . .      Faith    .   (no shield)
rNeg    + . .      Spirit   .   b - +1 ring mail {rN+}
rPois   .          Reflect  .   (no helmet)
rElec   .          Harm     .   (no cloak)
rCorr   .          Rampage  .   (no gloves)
Will    .....                   i - +0 pair of boots
Stlth   ++++......              (no amulet)
HPRegen 0.13/turn               (no ring)
MPRegen 0.09/turn               (no ring)

@: mighty
A: fangs 1, strong nose, distributed training
a: no special abilities


You were on level 2 of the Dungeon.
You visited 1 branch of the dungeon, and saw 5 of its levels.

You collected 18 gold pieces.

Inventory:

Hand Weapons
 a - a +0 hand axe (weapon)
Armour
 b - a +1 ring mail of positive energy (worn)
 i - a +0 pair of boots (worn)
Wands
 g - a wand of digging (3)
Scrolls
 c - a scroll of fog
 d - 3 scrolls of magic mapping
 e - a scroll of fear
 h - a scroll of silence {unknown}
 j - a scroll of teleportation {unknown}
 k - a scroll of acquirement {unknown}
 m - a scroll of identify {unknown}
 n - a scroll of enchant weapon {unknown}
Potions
 l - a potion of heal wounds {unknown}


   Skills:
 + Level 6.6 Fighting
 + Level 1.2 Short Blades
 + Level 1.2 Long Blades
 + Level 4.7 Axes
 + Level 1.2 Maces & Flails
 + Level 1.2 Polearms
 + Level 1.2 Staves
 + Level 1.2 Slings
 + Level 1.2 Bows
 + Level 1.2 Crossbows
 + Level 1.2 Throwing
 + Level 1.2 Armour
 + Level 4.7 Dodging
 + Level 9.6 Stealth
 + Level 1.2 Shields
 + Level 1.2 Unarmed Combat
 + Level 1.2 Spellcasting
 + Level 1.0 Conjurations
 + Level 1.0 Hexes
 + Level 1.0 Summonings
 + Level 1.0 Necromancy
 + Level 1.0 Translocations
 + Level 1.0 Transmutations
 + Level 1.0 Fire Magic
 + Level 1.0 Ice Magic
 + Level 1.0 Air Magic
 + Level 1.0 Earth Magic
 + Level 1.0 Poison Magic
 + Level 1.4 Invocations
 + Level 1.2 Evocations


You had 5 spell levels left.
You didn't know any spells.
Your spell library was empty.

Dungeon Overview and Level Annotations

Branches:
Dungeon (5/15)
 Temple: D:4-7

Altars:

Shops:
D:1 (   D:5 ??


Innate Abilities, Weirdness & Mutations

You have very sharp teeth.
Your uncanny sense of smell can sniff out nearby items.
Your experience applies equally to all skills.


Message History

You are no longer poisoned.
The adder bites you but does no damage.
You slash the adder!
You kill the adder!
No target in view!
No target in view!
No target in view!
No target in view!
No target in view!
No target in view!
HP restored.
Found a stone staircase leading down.
An ogre is nearby!
The ogre shouts!
You hit the ogre. You bite the ogre, but do no damage.
The ogre is lightly wounded.
The ogre barely misses you.
You hit the ogre.
The ogre is lightly wounded.
The ogre hits you with a +0 giant club!
You hit the ogre.
The ogre is moderately wounded.
You hit the ogre.
The ogre is moderately wounded.
The ogre closely misses you.
You hit the ogre.
The ogre is heavily wounded.
The ogre hits you with a +0 giant club!
You are too injured to fight recklessly!
You are too injured to fight recklessly!
You are too injured to fight recklessly!
You are too injured to fight recklessly!
You are too injured to fight recklessly!
You are too injured to fight recklessly!
You are too injured to fight recklessly!
You are too injured to fight recklessly!
It was a potion of might.
You feel very mighty all of a sudden. The ogre hits you with a +0 giant club!
You die...

..# #.# #.# #.# ###
##>####.####
######...##.#.#.##
#............#...##
#.####...##.......#
##@####.#.<.## #O#
####.## #.# #.#
∆∆..# #.# ### #.#
#.# #.# #.# #.#


You could see an ogre.

Vanquished Creatures
  A water moccasin skeleton (D:4)
  An adder (D:2)
  A white imp (D:4)
  An ufetubus (D:4)
  4 ball pythons
  3 bats (D:1)
  8 endoplasms
  2 hobgoblins (D:1)
  3 jackals (D:2)
  5 frilled lizards (D:1)
  6 goblins (D:1)
  4 kobolds (D:1)
39 creatures vanquished.

Notes
Turn   | Place    | Note
-------+----------+-------------------------------------------
     0 | D:5      | Reached skill level 9 in Stealth
     0 | D:5      | Ijustatesigmund the Gnoll Delver began the quest for the
                  | Orb.
     0 | D:5      | Reached XP level 1. HP: 23/23 MP: 1/1
     9 | D:5      | Found Husyl's Magic Scroll Boutique.
    10 | D:5      | Noticed a scorpion
    16 | D:5      | Found Lyuhak's Magic Scroll Boutique.
    26 | D:4      | Reached XP level 2. HP: 29/29 MP: 2/2
    65 | D:4      | Reached skill level 1 in Short Blades
    65 | D:4      | Reached skill level 1 in Long Blades
    65 | D:4      | Reached skill level 1 in Maces & Flails
    65 | D:4      | Reached skill level 1 in Polearms
    65 | D:4      | Reached skill level 1 in Staves
    65 | D:4      | Reached skill level 1 in Slings
    65 | D:4      | Reached skill level 1 in Bows
    65 | D:4      | Reached skill level 1 in Crossbows
    65 | D:4      | Reached skill level 1 in Throwing
    65 | D:4      | Reached skill level 1 in Armour
    65 | D:4      | Reached skill level 1 in Shields
    65 | D:4      | Reached skill level 1 in Unarmed Combat
    65 | D:4      | Reached skill level 1 in Spellcasting
    65 | D:4      | Reached skill level 1 in Invocations
    65 | D:4      | Reached skill level 1 in Evocations
    65 | D:4      | Reached XP level 3. HP: 10/35 MP: 2/4
    65 | D:4      | Reached XP level 4. HP: 12/41 MP: 2/5
   437 | D:2      | Noticed an ogre
   625 | D:1      | Found Anoofouc's Antique Weapon Shoppe.
   899 | D:1      | Reached skill level 1 in Conjurations
   899 | D:1      | Reached skill level 1 in Hexes
   899 | D:1      | Reached skill level 1 in Summonings
   899 | D:1      | Reached skill level 1 in Necromancy
   899 | D:1      | Reached skill level 1 in Translocations
   899 | D:1      | Reached skill level 1 in Transmutations
   899 | D:1      | Reached skill level 1 in Fire Magic
   899 | D:1      | Reached skill level 1 in Ice Magic
   899 | D:1      | Reached skill level 1 in Air Magic
   899 | D:1      | Reached skill level 1 in Earth Magic
   899 | D:1      | Reached skill level 1 in Poison Magic
  1596 | D:2      | Slain by an ogre

Illustrated notes

Levels and vault maps discovered:
D:1:      dpeg_arrival_round_a, layout_loops_ring, serial_shops,
          nicolae_shop_statue_plus, minmay_misc_feat_tower,
          hangedman_decor_growths
D:2:      layout_loops_ring, shapermc_ecumenical_altar_notcrosses,
          minmay_tripent
D:3:      layout_loops_ring, palyth_temple_overflow_mages,
          gammafunk_temple_overflow_statue
D:4:      layout_rooms, mainiacjoe_overflow_six_doors_small, uniq_robin
D:5:      layout_basic, overflow_temple_1_default, fedhas_altar_fruit_tree,
          minmay_temple_entry_large_hall, serial_shops, nicolae_shop_waterfront,
          shop, shop_statue, shop

Skill      XL: |  1  2  3  4 |
---------------+-------------+-----
Stealth        | |  9.6
Short Blades   | 1 |  1.2
Long Blades    | 1 |  1.2
Maces & Flails | 1 |  1.2
Polearms       | 1 |  1.2
Staves         | 1 |  1.2
Slings         | 1 |  1.2
Bows           | 1 |  1.2
Crossbows      | 1 |  1.2
Throwing       | 1 |  1.2
Armour         | 1 |  1.2
Shields        | 1 |  1.2
Unarmed Combat | 1 |  1.2
Spellcasting   | 1 |  1.2
Invocations    | 1 |  1.4
Evocations     | 1 |  1.2
Conjurations   | 1 |  1.0
Hexes          | 1 |  1.0
Summonings     | 1 |  1.0
Necromancy     | 1 |  1.0
Translocations | 1 |  1.0
Transmutations | 1 |  1.0
Fire Magic     | 1 |  1.0
Ice Magic      | 1 |  1.0
Air Magic      | 1 |  1.0
Earth Magic    | 1 |  1.0
Poison Magic   | 1 |  1.0
Fighting       | |  6.6
Axes           | |  4.7
Dodging        | |  4.7

Action                   |  1- 3 |  4- 6 || total
-------------------------+-------+-------++-------
Melee: Hand axe          |    17 |   104 ||   121
       Bite              |     4 |     8 ||    12
  Use: Potion            |       |     2 ||     2
 Stab: Sleeping          |     1 |     5 ||     6
Armor: Leather armour    |     5 |     7 ||    12
       Ring mail         |       |    29 ||    29
Dodge: Dodged            |    18 |    70 ||    88

Table legend: (Time is in decaauts)
 A = Elapsed time spent in this place.
 B = Non-inter-level travel time spent in this place.
 C = Inter-level travel time spent in this place.
 D = Time resting spent in this place.
 E = Time spent auto-exploring this place.
 F = Levels seen in this place.
 G = Mean time per level.
                   A        B        C        D        E       F      G
               +--------+--------+--------+--------+--------+-----+--------+
         Total |   1586 |   1556 |     30 |    238 |    959 |   5 |  317.2 |
       Dungeon |   1586 |   1556 |     30 |    238 |    959 |   5 |  317.2 |
               +--------+--------+--------+--------+--------+-----+--------+

Top non-repeatable levels by time:
     D:1: 1044 daAuts
     D:3: 268 daAuts
     D:2: 185 daAuts
     D:4: 66 daAuts
     D:5: 20 daAuts
